 Dungeon Crawl Stone Soup version 0.20-a0-787-g4ba4951 (webtiles) character file.

5726 varedna the Cleaver (level 10, 0/90 HPs)
             Began as a Minotaur Gladiator on Feb 27, 2017.
             Was a Follower of Wu Jian.
             Slain by a vampire (5 damage)
             ... on level 8 of the Dungeon.
             The game lasted 00:23:58 (7769 turns).

varedna the Cleaver (Minotaur Gladiator)            Turns: 7769, Time: 00:23:58

Health: 0/90       AC: 13    Str: 21    XL:     10   Next: 48%
Magic:  0/9        EV: 12    Int:  5    God:    Wu Jian [*.....]
Gold:   534        SH:  0    Dex: 13    Spells: 9/9 levels left

rFire    . . .     SeeInvis .   a - +0 battleaxe
rCold    . . .     Gourm    .   q - +0 chain mail
rNeg     . . .     Faith    .   (shield currently unavailable)
rPois    .         Spirit   +   c - +0 hat
rElec    .         Reflect  .   u - +0 cloak
rCorr    +         Harm     .   J - +0 pair of gloves
MR       .....                  (no boots)
Stlth    ..........             G - amulet of guardian spirit
Regen    0.3/turn               (no ring)
MPRegen  0.2/turn               F - ring of resist corrosion

@: no status effects
A: retaliatory headbutt, horns 2
a: Renounce Religion


You were on level 8 of the Dungeon.
You worshipped Wu Jian.
Wu Jian was aware of your devotion.
You were near starving.

You visited 2 branches of the dungeon, and saw 9 of its levels.
You also visited: Sewer.

You collected 534 gold pieces.

Inventory:

Hand Weapons
 a - a +0 battleaxe (weapon)
Missiles
 d - 3 throwing nets (quivered)
Armour
 c - a +0 hat (worn)
 q - a +0 chain mail (worn)
 u - a +0 cloak (worn)
 J - a +0 pair of gloves (worn)
Jewellery
 F - a ring of resist corrosion (left hand)
 G - an amulet of guardian spirit (around neck)
Wands
 j - a wand of disintegration (10/24)
 x - a wand of random effects (24/48)
 y - a wand of lightning (3/15)
 C - a wand of disintegration (10/24)
Scrolls
 h - 4 scrolls of teleportation
 k - a scroll of fog
 p - a scroll of random uselessness {unknown}
 v - a scroll of fear
 z - a scroll of blinking {unknown}
 A - a scroll of remove curse
 B - a scroll of enchant weapon {unknown}
 D - a scroll of magic mapping
Potions
 b - 2 potions of flight {unknown}
 e - 4 potions of magic
 l - a potion of resistance {unknown}
 m - a potion of cancellation {unknown}
 n - 2 potions of ambrosia
 o - a potion of mutation {unknown}
 r - a potion of invisibility {unknown}
 t - 3 potions of berserk rage {unknown}
 w - a potion of haste {unknown}
 E - a potion of curing
 H - 2 potions of brilliance {unknown}
 I - a potion of might {unknown}
Comestibles
 f - 3 bread rations
 g - 2 meat rations
 i - 6 fruits
 s - 8 royal jellies


   Skills:
 + Level 8.6 Fighting
 * Level 12.2 Axes
 - Level 2.0 Throwing
 + Level 8.1 Armour
 + Level 8.7 Dodging


You had 9 spell levels left.
You didn't know any spells.

Dungeon Overview and Level Annotations

Branches:
Dungeon (8/15)             Temple (1/1) D:7
   Lair: D:8-11

Altars:
Cheibriados
Dithmenos
Gozag
Hepliaklqana
Kikubaaqudgha
Nemelex Xobeh
Okawaru
Ru
Sif Muna
Uskayaw
Vehumet
Wu Jian
Yredelemnul
Zin
The Shining One

Shops:
D:5 *

Annotations:
D:5 1 runed door


Innate Abilities, Weirdness & Mutations

You reflexively headbutt those who attack you in melee.
You have a pair of horns on your head.


Message History

Something bites you but does no damage.
You barely miss something. Something hits you.
* * * LOW HITPOINT WARNING * * *
Something bites you!
* * * LOW HITPOINT WARNING * * *
Something draws strength from your injuries!
You closely miss something. Something hits you!
* * * LOW HITPOINT WARNING * * *
Something bites you but does no damage.
You miss something.
You hear some strange, mumbled words.
Something tries to affect you, but you resist.
You closely miss something. You headbutt something.
Something hits you but does no damage. Something bites you but does no damage.
You miss something. You headbutt something.
Something hits you but does no damage. Something bites you.
* * * LOW HITPOINT WARNING * * *
Something draws strength from your injuries!
Something hits you.
You die...

#........# #.# #..#
#..###### ...#####.# #.#
#..# #........ ...#####.#
#.# #..# #.#######
##....##.###.####..## #.#
##.##...............#####.##
##
...##..##†=..##............#
#.
#.###..##)#####...#######..#
#. .......##.## #...# #..#
#. #.####.#...# #.@{# #..#
#. #.# #.....#
##...#######..# #. #.#
###...###............<# #.
#.# ###.##......#######.##
#. #.. .....#.#..#.##### #.#
## #########.............#
#.# #
........#.........###># #.#
# #######.#.#...##### #.#
#.# # #.#.##.## #.# #.#### #


There were no monsters in sight!

Vanquished Creatures
  A two-headed ogre (D:4)
  A queen bee (D:8)
  Grinder (D:5)
  Sigmund (D:3)
  2 wyverns
  5 yaks (D:8)
  Duvessa (D:5)
  An ice beast (D:7)
  Purgy (Sewer)
  A hornet zombie (D:7)
  3 phantoms
  3 centaurs
  2 ogres
  Blork the orc (D:5)
  A big kobold (D:8)
  4 bullfrogs
  2 scorpions
  Dowan (D:5)
  20 killer bees
  A quasit (D:8)
  5 hounds
  A gnoll shaman (D:7)
  2 bullfrog skeletons (D:5)
  3 orc priests
  A centaur skeleton (D:8)
  A jelly (D:7)
  4 orc wizards
  2 iguanas
  4 worker ants
  A killer bee zombie (D:5)
  A hound skeleton (D:8)
  2 worker ant zombies (D:7)
  8 gnolls (D:7)
  12 adders
  2 river rats (D:4)
  An ooze (D:2)
  An adder zombie (D:6)
  3 worms
  6 dart slugs
  5 leopard geckos
  15 orcs
  11 giant cockroaches
  5 goblins
  5 hobgoblins
  15 jackals
  10 kobolds
  6 quokkas
  4 ball pythons
  3 bats
  14 frilled lizards
  3 leopard gecko skeletons
  A quokka skeleton (D:7)
  11 rats
221 creatures vanquished.

Notes
Turn   | Place    | Note
-------+----------+-------------------------------------------
     0 | D:1      | varedna the Minotaur Gladiator began the quest for the Orb.
     0 | D:1      | Reached XP level 1. HP: 18/18 MP: 0/0
   153 | D:1      | Reached skill level 4 in Axes
   155 | D:1      | Reached XP level 2. HP: 24/25 MP: 1/1
   460 | D:2      | Reached skill level 1 in Armour
   468 | D:2      | Reached XP level 3. HP: 11/30 MP: 2/2
   667 | D:2      | Found a snail-covered altar of Cheibriados.
   911 | D:2      | You fall through a shaft!
   936 | D:3      | Reached XP level 4. HP: 29/38 MP: 3/3
  1554 | D:3      | Found a hide-covered altar of Uskayaw.
  1711 | D:3      | Noticed Sigmund
  1720 | D:3      | Killed Sigmund
  1720 | D:3      | Reached skill level 5 in Axes
  1720 | D:3      | Reached XP level 5. HP: 40/46 MP: 4/4
  1721 | D:3      | Reached XP level 6. HP: 45/52 MP: 5/5
  1875 | D:3      | Found a faded altar of an unknown god.
  2238 | D:4      | Reached skill level 6 in Axes
  2441 | D:4      | Reached skill level 5 in Dodging
  2451 | D:4      | Found a glowing drain.
  2456 | Sewer    | Entered a sewer
  2772 | Sewer    | Noticed Purgy
  2778 | Sewer    | Killed Purgy
  2778 | Sewer    | Reached XP level 7. HP: 51/60 MP: 6/6
  2995 | D:4      | Reached skill level 7 in Axes
  3045 | D:4      | Noticed a two-headed ogre
  3056 | D:4      | Killed a two-headed ogre
  3056 | D:4      | Reached skill level 5 in Fighting
  3056 | D:4      | Reached skill level 8 in Axes
  3056 | D:4      | Reached skill level 5 in Armour
  3056 | D:4      | Reached XP level 8. HP: 26/70 MP: 7/7
  3417 | D:5      | Entered Level 5 of the Dungeon
  3417 | D:5      | Noticed Duvessa
  3417 | D:5      | Noticed Dowan
  3631 | D:5      | Found a glowing silver altar of Zin.
  3631 | D:5      | Found a runed door.
  3631 | D:5      | Noticed an angel
  3724 | D:5      | Killed Dowan
  3730 | D:5      | Killed Duvessa
  3730 | D:5      | Reached skill level 9 in Axes
  3910 | D:5      | Found Zighabefi's General Store.
  3919 | D:5      | Noticed Grinder
  3932 | D:5      | Killed Grinder
  4210 | D:5      | Noticed Blork the orc
  4220 | D:5      | Killed Blork the orc
  4220 | D:5      | Reached XP level 9. HP: 66/78 MP: 8/8
  4964 | D:6      | Reached skill level 10 in Axes
  5800 | D:7      | Reached skill level 11 in Axes
  5814 | D:7      | Found a staircase to the Ecumenical Temple.
  5827 | Temple   | Entered the Ecumenical Temple
  5871 | Temple   | Became a worshipper of the Wu Jian Council
  6593 | D:8      | Reached XP level 10. HP: 72/88 MP: 7/9
  6886 | D:8      | Reached * piety under Wu Jian
  6968 | D:8      | Reached skill level 12 in Axes
  7769 | D:8      | Slain by a vampire

Vault maps used:
D:1:      erik_arrival_triangle_small, serial_bayou_lagoon_a, minmay_surrounded
D:2:      serial_glass, glass_columns_a, glass_columns_a, glass_columns_a,
          glass_columns_c, glass_columns_a, glass_columns_c, glass_columns_c,
          glass_columns_b, first_bread, cheibriados_altar_1
D:3:      nicolae_overflow_crystal_walls, chequers_ecumenical_altar_simple,
          uniq_sigmund
D:4:      portal_sewer_entry_e
D:5:      serial_shops, shop, lemuel_angel_altar, uniq_duvessa, uniq_grinder,
          uniq_blork_the_orc
D:7:      minmay_temple_entry_water_ring
D:8:      david_nohive_1
Temple:   compressed_dpeg_circular_temple
Sewer:    sewer_co_purgy_island

Skill      XL: |  1  2  3  4  5  6  7  8  9 10 |
---------------+-------------------------------+-----
Axes           | 4 5 6 8 9 11 12 | 12.2
Armour         | 1 2 3 5 6 7 8 |  8.1
Fighting       | 3 4 5 6 7 8 |  8.6
Dodging        | 4 5 6 8 |  8.7
Throwing       | |  2.0

Action                   |  1- 3 |  4- 6 |  7- 9 | 10-12 || total
-------------------------+-------+-------+-------+-------++-------
Melee: War axe           |    83 |   121 |   107 |       ||   311
       Headbutt          |    10 |    15 |    70 |    28 ||   123
       Battleaxe         |       |       |   161 |   166 ||   327
Throw: Throwing net      |       |       |     2 |       ||     2
  Use: Scroll            |       |     5 |     5 |     1 ||    11
       Potion            |       |       |     3 |     2 ||     5
 Stab: Held in net/web   |       |       |     1 |       ||     1
  Eat: Chunk             |       |     6 |    12 |     3 ||    21
Armor: Leather armour    |    12 |     4 |       |       ||    16
       Chain mail        |       |    59 |   120 |   110 ||   289
Dodge: Dodged            |    60 |    54 |   136 |   116 ||   366
